 Dungeon Crawl Stone Soup version 0.25.0-15-gac7dcb8 (webtiles) character file.

Game seed: 17816197215958883777

200 ChodeyFoster the Chopper (level 5, -7/67 HPs)
             Began as a Minotaur Berserker on June 30, 2020.
             Was a Priest of Trog.
             Splashed by Ijyb's acid (11 damage)
             ... on level 3 of the Dungeon.
             The game lasted 00:04:20 (2898 turns).

ChodeyFoster the Chopper (Minotaur Berserker)       Turns: 2898, Time: 00:04:20

Health: -7/67      AC:  1    Str: 22    XL:     5   Next: 49%
Magic:  13/13      EV:  8    Int:  4    God:    Trog [***...]
Gold:   128        SH:  0    Dex: 10    Spells: 4/4 levels left

rFire    . . .     SeeInvis .   a - +1 hand axe
rCold    . . .     Gourm    .   (no shield)
rNeg     . . .     Faith    .   q - +1 chain mail
rPois    .         Spirit   .   (helmet restricted)
rElec    .         Reflect  .   (no cloak)
rCorr    .         Harm     .   (no gloves)
MR       .....                  (no boots)
Stlth    ..........             (no amulet)
HPRegen  0.21/turn              n - ring of magical power
MPRegen  0.13/turn              (no ring)

@: mighty, berserking, lethally poisoned (-7 -> -23), corroded, very quick
A: retaliatory headbutt, horns 2
a: Berserk, Trog's Hand, Renounce Religion


You were on level 3 of the Dungeon.
You worshipped Trog.
Trog was most pleased with you.
You were very hungry.

You visited 1 branch of the dungeon, and saw 3 of its levels.

You collected 128 gold pieces.

Inventory:

Hand Weapons
 a - a +1 hand axe (weapon)
Missiles
 j - 5 boomerangs (quivered)
Armour
 b - a +0 animal skin
 i - a +0 scale mail
 q - a +1 chain mail (worn)
Jewellery
 n - a ring of magical power (left hand)
Scrolls
 f - a scroll of teleportation
 g - a scroll of magic mapping {unknown}
 o - a scroll of amnesia {unknown}
Potions
 d - a potion of might
 e - 2 potions of curing {unknown}
 h - a potion of invisibility {unknown}
 k - 2 potions of haste {unknown}
 l - 3 potions of lignification {unknown}
 p - a potion of experience {unknown}
Comestibles
 c - 10 rations
 m - 8 chunks of flesh


   Skills:
 - Level 3.6 Fighting
 + Level 7.6 Axes
 - Level 2.4 Armour
 - Level 2.1 Dodging


You had 4 spell levels left.
You didn't know any spells.
Your spell library was empty.

Dungeon Overview and Level Annotations

Branches:
Dungeon (3/15)

Altars:
Ashenzari

Annotations:
D:3 Ijyb


Innate Abilities, Weirdness & Mutations

You reflexively headbutt those who attack you in melee.
You have a pair of horns on your head.


Message History

You barely miss the worker ant.
You feel sick.
Ijyb zaps a wand.
The bolt of acid hits you! The acid corrodes you!
You are splashed with acid!
The worker ant bites you.
* * * LOW HITPOINT WARNING * * *
You are too injured to fight recklessly!
You feel very mighty all of a sudden.
* * * LOW HITPOINT WARNING * * *
You feel sick. Ijyb hits you.
* * * LOW HITPOINT WARNING * * *
The worker ant closely misses you. You furiously retaliate!
You headbutt the worker ant, but do no damage.
A red film seems to cover your vision as you go berserk!
You feel yourself moving faster!
You feel mighty!
You are feeling very hungry.
You feel sick.
The kobold throws a poisoned dart.
The poisoned dart hits you!
You are lethally poisoned!
Ijyb zaps a wand.
The bolt of acid hits you.
* * * LOW HITPOINT WARNING * * *
The acid corrodes you!
You are splashed with acid!
You die...

....####### .........# .......![#
........# .%......# #.......#
#gaK....# # #@.$....# .
#.##.#.##### .###.##(#.#
..........# #.......###### # #.
#<##.#..##... .#.#
##########.##.#..##.#####.#.#####
...........##....................
....#####...รท##..##.#####.#.##.#.


You could see Ijyb (strong), a worker ant and a kobold.

Vanquished Creatures
  An orc wizard (D:3)
  Terence (D:2)
  6 adders
  An ooze (D:1)
  An adder skeleton (D:2)
  A worm (D:3)
  3 dart slugs
  3 orcs (D:3)
  2 giant cockroaches
  8 goblins
  10 hobgoblins
  6 jackals
  9 kobolds
  2 quokkas (D:2)
  9 bats
  5 frilled lizards
  4 rats
  A plant (D:2)
73 creatures vanquished.

Notes
Turn   | Place    | Note
-------+----------+-------------------------------------------
     0 | D:1      | ChodeyFoster the Minotaur Berserker began the quest for the
                  | Orb.
     0 | D:1      | Reached XP level 1. HP: 19/19 MP: 0/0
   242 | D:1      | Reached skill level 4 in Axes
   253 | D:1      | Reached XP level 2. HP: 8/26 MP: 1/1
   931 | D:1      | Found a shattered altar of Ashenzari.
   955 | D:1      | Reached skill level 5 in Axes
  1251 | D:1      | Reached XP level 3. HP: 31/31 MP: 2/2
  1544 | D:2      | Reached ** piety under Trog
  1885 | D:2      | Reached skill level 6 in Axes
  1885 | D:2      | Reached XP level 4. HP: 34/39 MP: 3/3
  2270 | D:2      | Noticed Terence
  2278 | D:2      | Killed Terence
  2450 | D:3      | Reached skill level 7 in Axes
  2450 | D:3      | Reached XP level 5. HP: 45/45 MP: 4/4
  2763 | D:3      | Reached *** piety under Trog
  2891 | D:3      | Noticed Ijyb
  2898 | D:3      | Splashed by Ijyb's acid

Illustrated notes

Levels and vault maps discovered:
D:1:      ebering_hopf_link, layout_basic, hangedman_feature_mirror,
          ashenzari_altar_1
D:2:      wad_woods_pond, layout_basic, nicolae_overflow_hidden_temple,
          uniq_terence
D:3:      layout_loops_cross, lemuel_coloured_pillars_altar, first_ration,
          minmay_joined_circles, uniq_ijyb, uniq_robin, uniq_crazy_yiuf_cottage

Skill      XL: |  1  2  3  4 |
---------------+-------------+-----
Axes           | 4 5 6 7 |  7.6
Fighting       | |  3.6
Armour         | |  2.4
Dodging        | |  2.1

Action                   |  1- 3 |  4- 6 || total
-------------------------+-------+-------++-------
Melee: Hand axe          |   115 |    45 ||   160
       Headbutt          |    23 |    17 ||    40
       War axe           |       |    42 ||    42
Invok: Berserk           |       |     1 ||     1
  Use: Scroll            |     7 |     1 ||     8
       Potion            |       |     1 ||     1
  Eat: Chunk             |     3 |     3 ||     6
Armor: Animal skin       |     2 |       ||     2
       Scale mail        |    20 |       ||    20
       Chain mail        |     3 |    57 ||    60
Dodge: Dodged            |    61 |    44 ||   105
